 Dungeon Crawl Stone Soup version 0.31.0-12-g77e489cdc1 (webtiles) character file.

Game seed: 8463643407523622867

86 boopmooplesden the Shield-Bearer (level 4, 0/41 HPs)
             Began as a Minotaur Fighter on Feb 17, 2024.
             Succumbed to a scorpion's poison
             ... on level 2 of the Dungeon.
             The game lasted 00:01:07 (1109 turns).

boopmooplesden the Shield-Bearer (Minotaur Fighter) Turns: 1109, Time: 00:01:08

Health: 0/41       AC:  9    Str: 20 (22) XL:     4   Next: 27%
Magic:  3/3        EV:  7    Int:  3 (5)  God:
Gold:   153        SH:  5    Dex:  7 (10) Spells: 3/3 levels left

rFire   . . .        a - +0 war axe
rCold   . . .        c - +1 buckler
rNeg    . . .        k - +0 chain mail
rPois   .            (helmet restricted)
rElec   .            (no cloak)
rCorr   .            (no gloves)
SInv    .            (no boots)
Will    .....        (no amulet) Stlth
                     (no ring)
HPRegen 0.26/turn    (no ring)
MPRegen 0.08/turn

%: no passive effects
@: lethally poisoned (0 -> -4)
A: horns 2, retaliatory headbutt
a: no special abilities


You were on level 2 of the Dungeon.
You visited 1 branch of the dungeon, and saw 2 of its levels.

You collected 153 gold pieces.

Inventory:

Hand Weapons
 a - a +0 war axe (weapon)
Armour
 b - a +0 scale mail
 c - a +1 buckler (worn)
 k - a +0 chain mail (worn)
Jewellery
 j - a ring of poison resistance
Scrolls
 g - a scroll of amnesia {unknown}
 h - a scroll of immolation
 i - a scroll of identify {unknown}
Potions
 d - 2 potions of might


   Skills:
 + Level 4.3 Fighting
 + Level 3.1 Axes
 + Level 4.4 Armour
 + Level 4.7 Shields


You had 3 spell levels left.
You didn't know any spells.
Your spell library contained the following spells:

 Spells                   Type           Power      Damage    Failure   Level
 Necrotise                Necr           0%         1d4       99%         1
 Call Canine Familiar     Summ           0%         N/A       100%        3
 Sigil of Binding         Hex            0%         N/A       100%        3
 Vampiric Draining        Necr           0%         2d6       100%        3
 Dimensional Bullseye     Hex/Tloc       0%         N/A       100%        4
 Martyr's Knell           Necr/Summ      0%         N/A       100%        4
 Curse of Agony           Necr           0%         N/A       100%        5


Dungeon Overview and Level Annotations

Branches:
Dungeon (2/15)

Altars:


Innate Abilities, Weirdness & Mutations

You have a pair of horns on your head.
You reflexively headbutt those who attack you in melee.


Message History

The scorpion is heavily wounded.
You feel sick.
The scorpion stings you but does no damage. x2
You hit the scorpion but do no damage.
The scorpion is heavily wounded.
You feel sick. The scorpion stings you.
You hit the scorpion.
The scorpion is heavily wounded.
You feel sick. The scorpion barely misses you. The scorpion closely misses you.
You hit the scorpion.
The scorpion is heavily wounded.
You feel sick.
You are no longer poisoned.
The scorpion stings you.
* * * LOW HITPOINT WARNING * * *
You are lethally poisoned!
The scorpion poisons you!
You slash the scorpion! Your headbutt misses the scorpion.
The scorpion is almost dead.
* * * LOW HITPOINT WARNING * * *
You feel very sick.
The scorpion stings you but does no damage. x2
You hit the scorpion.
You kill the scorpion!
* * * LOW HITPOINT WARNING * * *
You feel very sick.
Your Axes skill increases to level 3!
You have reached level 3!
Your experience leads to an increase in your attributes!
Increase (S)trength, (I)ntelligence, or (D)exterity?
You feel stronger. x2
You have reached level 4!
You feel agile.
It was a potion of magic.
Magic courses through your body.
* * * LOW HITPOINT WARNING * * *
You feel sick.
It was a potion of degeneration.
There was something very wrong with that liquid.
You feel weakened.
You feel dopey.
You feel clumsy.
You die...

######.#.#......
....>........... .
.......#........ ###
#...#.##.....
...#..<.........####
#.#....#######.##..
#...............+..
#..#####.#######.##.##..
#......@.# #.##.....
......#### #.#.##.....
..... #.#.##..... ....
####+##.#........ ...
........####.#.## ..
........##...#.## .
........##.###.##
........##.# #.##
........##.# #.##


There were no monsters in sight!

Vanquished Creatures
  A scorpion (D:2)
  2 dart slugs (D:1)
  A ribbon worm (D:2)
  A ball python (D:1)
  4 bats
  An endoplasm (D:2)
  A goblin (D:2)
  2 hobgoblins (D:2)
  2 kobolds
  4 rats
19 creatures vanquished.

Notes
Turn   | Place    | Note
-------+----------+-------------------------------------------
     0 | D:1      | boopmooplesden the Minotaur Fighter began the quest for the
                  | Orb.
     0 | D:1      | Reached XP level 1. HP: 19/19 MP: 0/0
   501 | D:1      | Reached XP level 2. HP: 23/27 MP: 1/1
  1093 | D:2      | Noticed a scorpion
  1107 | D:2      | Killed a scorpion
  1107 | D:2      | HP: 1/27 [poisoned by a scorpion]
  1108 | D:2      | Reached XP level 3. HP: 1/34 MP: 2/2
  1108 | D:2      | Reached XP level 4. HP: 2/41 MP: 3/3
  1109 | D:2      | Succumbed to a scorpion's poison

Illustrated notes

Levels and vault maps discovered:
D:1:      heliophobic_arrival_enchanted_forest, layout_basic
D:2:      layout_basic, basic_ecumenical_altar, minmay_misc_feat_tiny

Skill      XL: |  1  2 |
---------------+-------+-----
Fighting       | 4 |  4.3
Armour         | 4 |  4.4
Shields        | 4 |  4.7
Axes           | 3 |  3.1

Action                     |  1- 3 |  4- 6 || total
---------------------------+-------+-------++-------
  Melee: War axe           |    39 |       ||    39
         Headbutt          |     6 |       ||     6
    Use: Scroll            |     4 |       ||     4
         Potion            |       |     2 ||     2
 Armour: Scale mail        |    22 |       ||    22
         Chain mail        |    11 |       ||    11
  Dodge: Dodged            |    15 |       ||    15
  Block: Buckler           |     7 |       ||     7
